[Event "ICC tourney 2552 (3 2)"]
[Site "Internet Chess Club"]
[Date "2021.05.07"]
[Round "3"]
[White "S JANIS, MAXTON:K05-30158505"]
[Black "COX, OLIVER:K03-30137076"]
[Result "0-1"]
[ICCResult "White checkmated"]
[WhiteElo "1147"]
[BlackElo "1400"]
[Opening "Sicilian defense"]
[ECO "B20"]
[NIC "SI.48"]
[Time "18:52:35"]
[PlyCount "22"]
[TimeControl "180+2"]

1. e4 c5 2. Bc4 e6 3. Nf3 Nc6 4. Nc3 Nf6 5. Bb5 Be7 6. Bxc6 bxc6 7. d4 Ba6
8. dxc5 Bxc5 9. Na4 Qa5+ 10. Nc3 Nxe4 11. Bd2 Bxf2# { White checkmated }
0-1

[Event "ICC tourney 2552 (3 2)"]
[Site "Internet Chess Club"]
[Date "2021.05.07"]
[Round "3"]
[White "SHAHINYAN, INNA:K05-17114472"]
[Black "STAMOS, NICOLAS:K01-30168054"]
[Result "1-0"]
[ICCResult "Black checkmated"]
[WhiteElo "1400"]
[BlackElo "1400"]
[Opening "King's pawn opening"]
[ECO "B07"]
[NIC "VO.17"]
[Time "18:51:54"]
[PlyCount "27"]
[TimeControl "180+2"]

1. e4 d6 2. d4 e5 3. dxe5 dxe5 4. Qxd8+ Kxd8 5. Nf3 f5 6. Nxe5 fxe4 7. Bc4
Bd6 8. Nf7+ Ke7 9. Nxh8 Bb4+ 10. Nc3 Nh6 11. Bg5+ Kf8 12. Rd1 Nf7 13. Bxf7
Bg4 14. Rd8# { Black checkmated } 1-0

[Event "ICC tourney 2552 (3 2)"]
[Site "Internet Chess Club"]
[Date "2021.05.07"]
[Round "3"]
[White "JAIN, VIAAN:K01-30173117"]
[Black "ZIZOLD, VICTORIA:K05-16744153"]
[Result "1-0"]
[ICCResult "Black checkmated"]
[WhiteElo "1400"]
[BlackElo "1400"]
[Opening "Giuoco Pianissimo: Italian four knights variation"]
[ECO "C28"]
[NIC "IG.04"]
[Time "18:53:06"]
[PlyCount "23"]
[TimeControl "180+2"]

1. e4 e5 2. Bc4 Nc6 3. Nc3 Nf6 4. Nf3 Bc5 5. d3 d6 6. Be3 Be6 7. Bxc5 Bxc4
8. dxc4 dxc5 9. Ng5 Ng4 10. Qxg4 O-O 11. Qh4 f5 12. Qxh7# { Black
checkmated } 1-0

[Event "ICC tourney 2552 (3 2)"]
[Site "Internet Chess Club"]
[Date "2021.05.07"]
[Round "3"]
[White "SCHMELZER, ZACHARY:K05-16849843"]
[Black "MANCHANDA, ADVIK:K01-30054176"]
[Result "0-1"]
[ICCResult "White resigns"]
[WhiteElo "1400"]
[BlackElo "1400"]
[Opening "two knights defense: Kieseritsky variation"]
[ECO "C58"]
[NIC "KP.01"]
[Time "18:52:39"]
[PlyCount "24"]
[TimeControl "180+2"]

1. e4 e5 2. Nf3 Nc6 3. Bc4 Nf6 4. Ng5 d5 5. exd5 Na5 6. d3 Be7 7. d6 Bxd6
8. Nxf7 Qe7 9. Nxh8 Bc5 10. Bf7+ Kf8 11. Bc4 Ng4 12. Qxg4 Bxg4 { White
resigns } 0-1

[Event "ICC tourney 2552 (3 2)"]
[Site "Internet Chess Club"]
[Date "2021.05.07"]
[Round "3"]
[White "AYYAPPAN, SANTHOSH:K01-16959235"]
[Black "LIU, DAVID:K05-15646077"]
[Result "1-0"]
[ICCResult "Black checkmated"]
[WhiteElo "1400"]
[BlackElo "1400"]
[Opening "Giuoco Piano"]
[ECO "C54"]
[NIC "IG.02"]
[Time "18:52:15"]
[PlyCount "43"]
[TimeControl "180+2"]

1. e4 e5 2. Nf3 Nc6 3. Bc4 Bc5 4. c3 Nf6 5. d4 exd4 6. e5 Ng4 7. cxd4 Bb4+
8. Nc3 O-O 9. O-O d5 10. Nxd5 Bf5 11. h3 Nh6 12. Bxh6 gxh6 13. Nxb4 Nxb4
14. Qd2 c6 15. Qxb4 b6 16. Qd2 b5 17. Bb3 Kh8 18. Qxh6 Qe8 19. Qf6+ Kg8 20.
Qxf5 Kh8 21. Ng5 h6 22. Qh7# { Black checkmated } 1-0

[Event "ICC tourney 2552 (3 2)"]
[Site "Internet Chess Club"]
[Date "2021.05.07"]
[Round "3"]
[White "PATEL, DARSH:K05-16084348"]
[Black "WU, ALEXANDER:K01-30107546"]
[Result "0-1"]
[ICCResult "White checkmated"]
[WhiteElo "1400"]
[BlackElo "1400"]
[Opening "Giuoco Piano: four knights variation"]
[ECO "C46"]
[NIC "KP.06"]
[Time "18:52:15"]
[PlyCount "48"]
[TimeControl "180+2"]

1. e4 e5 2. Nf3 Nc6 3. Nc3 Bc5 4. Bc4 Nf6 5. O-O O-O 6. d3 d6 7. Bg5 h6 8.
Bh4 g5 9. Bg3 h5 10. h4 gxh4 11. Bxh4 Bg4 12. Bxf6 Qxf6 13. Nd5 Qd8 14. Nf4
exf4 15. d4 Bb6 16. d5 Na5 17. Qd3 Nxc4 18. Qxc4 Bxf3 19. gxf3 Qg5+ 20. Kh1
Qh4+ 21. Kg1 Kh8 22. Qd4+ Bxd4 23. Rfd1 Rg8+ 24. Kf1 Qxf2# { White
checkmated } 0-1

[Event "ICC tourney 2552 (3 2)"]
[Site "Internet Chess Club"]
[Date "2021.05.07"]
[Round "3"]
[White "DINESH, ROHAN:K06-16497373"]
[Black "ANDREW TUSTIAN, JAMES:K03-17058206"]
[Result "1-0"]
[ICCResult "Black checkmated"]
[WhiteElo "1400"]
[BlackElo "1400"]
[Opening "Scandinavian (center counter) defense"]
[ECO "B01"]
[NIC "SD.02"]
[Time "18:52:39"]
[PlyCount "25"]
[TimeControl "180+2"]

1. e4 d5 2. exd5 Qxd5 3. Nc3 Qe6+ 4. Be2 f5 5. Nf3 Qd7 6. Ne5 Qd6 7. d4 e6
8. Nb5 Qd5 9. Nxc7+ Ke7 10. Nxd5+ Kd8 11. Bg5+ Ke8 12. Bb5+ Bd7 13. Nc7# {
Black checkmated } 1-0

[Event "ICC tourney 2552 (3 2)"]
[Site "Internet Chess Club"]
[Date "2021.05.07"]
[Round "3"]
[White "AMBIL, KESHAV:K03-30048105"]
[Black "KAUL, KABIR:K05-30154365"]
[Result "0-1"]
[ICCResult "White resigns"]
[WhiteElo "1400"]
[BlackElo "1209"]
[Opening "Three knights game"]
[ECO "C46"]
[NIC "KP.06"]
[Time "18:53:19"]
[PlyCount "52"]
[TimeControl "180+2"]

1. e4 e5 2. Nf3 Nc6 3. Nc3 d6 4. Bc4 Bd7 5. d3 Be7 6. Be3 Nf6 7. Qd2 O-O 8.
O-O-O Nd4 9. Nxd4 exd4 10. Bxd4 c5 11. Be3 a6 12. h4 b5 13. Bd5 Nxd5 14.
Nxd5 b4 15. b3 Be6 16. f3 Bxd5 17. exd5 Qa5 18. a4 bxa3 19. Kb1 a2+ 20. Ka1
Qxd2 21. Bxd2 a5 22. Kxa2 a4 23. Kb1 axb3 24. cxb3 Rab8 25. Kb2 Bf6+ 26.
Ka3 Ra8+ { White resigns } 0-1

[Event "ICC tourney 2552 (3 2)"]
[Site "Internet Chess Club"]
[Date "2021.05.07"]
[Round "3"]
[White "LI, AIDAN:K05-16624042"]
[Black "INDUKURI, SUHAS:K01-16887781"]
[Result "0-1"]
[ICCResult "White resigns"]
[WhiteElo "1400"]
[BlackElo "1400"]
[Opening "Sicilian defense"]
[ECO "B20"]
[NIC "SI.48"]
[Time "18:52:39"]
[PlyCount "28"]
[TimeControl "180+2"]

1. e4 c5 2. a3 Nc6 3. b4 e6 4. Nc3 a6 5. Nf3 Be7 6. d4 cxb4 7. axb4 Bxb4 8.
Bb2 Nf6 9. Ra3 Bxa3 10. Bxa3 Qa5 11. Qa1 Nb4 12. Qb2 Qxa3 13. Qxa3 Nxc2+
14. Kd2 Nxa3 { White resigns } 0-1

[Event "ICC tourney 2552 (3 2)"]
[Site "Internet Chess Club"]
[Date "2021.05.07"]
[Round "3"]
[White "MCKEE, IAN:K01-17270194"]
[Black "STINGLEY, MAX:K05-16512763"]
[Result "0-1"]
[ICCResult "White checkmated"]
[WhiteElo "1400"]
[BlackElo "1400"]
[Opening "Sicilian: closed"]
[ECO "B23"]
[NIC "SI.44"]
[Time "18:52:39"]
[PlyCount "38"]
[TimeControl "180+2"]

1. e4 c5 2. Nc3 g6 3. Bc4 Bg7 4. Nf3 Nc6 5. d3 e6 6. Bg5 Nge7 7. O-O O-O 8.
Qd2 Qc7 9. Bh6 a6 10. Bxg7 Kxg7 11. Ng5 b5 12. Bb3 Nd4 13. Qe3 Nxb3 14.
axb3 Bb7 15. Qh3 h5 16. g4 Rh8 17. Qf3 Raf8 18. gxh5 Rxh5 19. Qg4 Qxh2# {
White checkmated } 0-1

[Event "ICC tourney 2552 (3 2)"]
[Site "Internet Chess Club"]
[Date "2021.05.07"]
[Round "3"]
[White "PIEN, ALEXANDER:K03-16775438"]
[Black "RAGHAV JEGAN, ASHWIN:K05-16548454"]
[Result "0-1"]
[ICCResult "White checkmated"]
[WhiteElo "1400"]
[BlackElo "1400"]
[Opening "two knights defense: Fegatello attack"]
[ECO "C57"]
[NIC "KP.01"]
[Time "18:52:59"]
[PlyCount "34"]
[TimeControl "180+2"]

1. e4 e5 2. Nf3 Nc6 3. Bc4 Nf6 4. Ng5 d5 5. exd5 Nxd5 6. Nxf7 Kxf7 7. Qf3+
Ke8 8. Bxd5 Qe7 9. Bxc6+ bxc6 10. Qxc6+ Qd7 11. Qxa8 Qf5 12. O-O Bd6 13. d3
Ke7 14. Qxa7 Be6 15. Nc3 e4 16. dxe4 Qe5 17. Be3 Qxh2# { White checkmated }
0-1

[Event "ICC tourney 2552 (3 2)"]
[Site "Internet Chess Club"]
[Date "2021.05.07"]
[Round "3"]
[White "BHOOMA, DHIVIJ:K05-16188670"]
[Black "AGARWAL, SAATVIK:K01-30138317"]
[Result "1-0"]
[ICCResult "Black checkmated"]
[WhiteElo "1400"]
[BlackElo "1400"]
[Opening "King's pawn game"]
[ECO "C50"]
[NIC "IG.03"]
[Time "18:53:19"]
[PlyCount "31"]
[TimeControl "180+2"]

1. e4 e5 2. Nf3 Nc6 3. Bc4 a6 4. O-O b5 5. Be2 Nf6 6. d3 Bc5 7. Bg5 O-O 8.
Nc3 Nd4 9. Nxd4 exd4 10. Nd5 c6 11. Nxf6+ gxf6 12. Bh6 Re8 13. Bh5 d6 14.
Bg4 Bxg4 15. Qxg4+ Kh8 16. Qg7# { Black checkmated } 1-0

[Event "ICC tourney 2552 (3 2)"]
[Site "Internet Chess Club"]
[Date "2021.05.07"]
[Round "3"]
[White "WANKHEDE, ADVAIT:K06-30026534"]
[Black "SANTOSH, SAHARSH:K03-17153914"]
[Result "0-1"]
[ICCResult "White checkmated"]
[WhiteElo "1400"]
[BlackElo "1400"]
[Opening "Sicilian defense"]
[ECO "B40"]
[NIC "SI.43"]
[Time "18:52:07"]
[PlyCount "38"]
[TimeControl "180+2"]

1. e4 c5 2. Nf3 e6 3. Bc4 Nc6 4. Nc3 a6 5. O-O b5 6. Bb3 Be7 7. d4 c4 8. d5
exd5 9. exd5 Na5 10. d6 Bf6 11. Bg5 cxb3 12. axb3 Nc6 13. Nd5 Bxg5 14. Nxg5
Qxg5 15. Re1+ Kf8 16. Qe2 Bb7 17. Nc7 Rd8 18. c4 Nd4 19. Qd1 Qxg2# { White
checkmated } 0-1

[Event "ICC tourney 2552 (3 2)"]
[Site "Internet Chess Club"]
[Date "2021.05.07"]
[Round "3"]
[White "KRISHNA JOSHI, AADIT:K03-17152932"]
[Black "BANG, ADITYA:K05-16841804"]
[Result "0-1"]
[ICCResult "White resigns"]
[WhiteElo "1400"]
[BlackElo "1400"]
[Opening "French defense"]
[ECO "C00"]
[NIC "FR.01"]
[Time "18:52:39"]
[PlyCount "52"]
[TimeControl "180+2"]

1. e4 e6 2. Nf3 d5 3. exd5 exd5 4. d4 Nc6 5. Nc3 Nf6 6. Bd3 Be7 7. O-O O-O
8. Bg5 h6 9. Bxf6 Bxf6 10. Qd2 Nxd4 11. Nxd4 Bxd4 12. Rfe1 Qf6 13. Re2 Bg4
14. Ree1 c6 15. Be2 Bxf2+ 16. Kf1 Be3+ 17. Bf3 Bxd2 18. Re2 Bxf3 19. gxf3
Qxf3+ 20. Rf2 Qh1+ 21. Ke2 Qxa1 22. Rf1 Qxb2 23. Kxd2 d4 24. Rb1 dxc3+ 25.
Kd1 Qxb1+ 26. Ke2 Qxc2+ { White resigns } 0-1

[Event "ICC tourney 2552 (3 2)"]
[Site "Internet Chess Club"]
[Date "2021.05.07"]
[Round "3"]
[White "TURAEV, MALIK:K03-30017655"]
[Black "YURKO, MAXWELL:K06-30167737"]
[Result "1-0"]
[ICCResult "Black checkmated"]
[WhiteElo "1400"]
[BlackElo "1400"]
[Opening "Queen's pawn: Charlick (Englund) gambit"]
[ECO "A40"]
[NIC "QO.17"]
[Time "18:52:39"]
[PlyCount "59"]
[TimeControl "180+2"]

1. d4 e5 2. dxe5 Nc6 3. Nf3 Nge7 4. Nc3 g6 5. Bg5 Bg7 6. Nd5 O-O 7. Nxe7+
Nxe7 8. e3 f6 9. exf6 Bxf6 10. Bh6 Rf7 11. Bc4 d5 12. Bb3 c5 13. c4 d4 14.
exd4 cxd4 15. c5 Nf5 16. Bxf7+ Kxf7 17. Bf4 Qa5+ 18. Qd2 Qxc5 19. O-O a6
20. Rac1 Qf8 21. Rc7+ Kg8 22. Qc2 a5 23. Qb3+ Kh8 24. Rf7 Qd6 25. Bxd6 Nxd6
26. Rxf6 Ne4 27. Rf8+ Kg7 28. Qf7+ Kh6 29. Qf4+ Kh5 30. Qh4# { Black
checkmated } 1-0

[Event "ICC tourney 2552 (3 2)"]
[Site "Internet Chess Club"]
[Date "2021.05.07"]
[Round "3"]
[White "PAWAR, SANVI:K01-30098379"]
[Black "TCHENG, SINH:K06-16951422"]
[Result "0-1"]
[ICCResult "White forfeits on time"]
[WhiteElo "1400"]
[BlackElo "1400"]
[Opening "Queen's pawn, Mason variation"]
[ECO "D00"]
[NIC "QP.08"]
[Time "18:52:17"]
[PlyCount "30"]
[TimeControl "180+2"]

1. d4 d5 2. Bf4 Nf6 3. e3 Nc6 4. Bb5 Bf5 5. Nd2 e6 6. Ngf3 Be7 7. c3 a6 8.
Ba4 b5 9. Bb3 a5 10. Bc2 b4 11. O-O bxc3 12. Nb3 cxb2 13. Rb1 e5 14. Bg3
Bxc2 15. Qxc2 e4 { White forfeits on time } 0-1

[Event "ICC tourney 2552 (3 2)"]
[Site "Internet Chess Club"]
[Date "2021.05.07"]
[Round "3"]
[White "DOPPALAPUDI, ADITH:K05-16534365"]
[Black "SELVAM, SWAGATHA:K05-16203181"]
[Result "0-1"]
[ICCResult "White checkmated"]
[WhiteElo "1457"]
[BlackElo "1400"]
[Opening "Sicilian"]
[ECO "B56"]
[NIC "SI.01"]
[Time "18:52:24"]
[PlyCount "38"]
[TimeControl "180+2"]

1. e4 c5 2. Nf3 d6 3. d4 cxd4 4. Nxd4 Nf6 5. Nc3 g5 6. Bxg5 Bg7 7. Bc4 Nc6
8. Nxc6 bxc6 9. Qf3 Bg4 10. Qg3 Qd7 11. f3 Be6 12. Bxe6 Qxe6 13. O-O-O Nh5
14. Qh4 Bxc3 15. Qxh5 Bg7 16. a3 Qa2 17. c3 Rb8 18. Rd2 Bxc3 19. bxc3 Qb1#
{ White checkmated } 0-1

[Event "ICC tourney 2552 (3 2)"]
[Site "Internet Chess Club"]
[Date "2021.05.07"]
[Round "3"]
[White "RAO, ARJUN:K01-30140896"]
[Black "JACK GREENE, WILLILAM:K05-30165343"]
[Result "0-1"]
[ICCResult "White checkmated"]
[WhiteElo "1400"]
[BlackElo "1400"]
[Opening "Caro-Kann: advance variation"]
[ECO "B12"]
[NIC "CK.02"]
[Time "18:52:05"]
[PlyCount "78"]
[TimeControl "180+2"]

1. e4 c6 2. d4 d5 3. e5 f6 4. exf6 gxf6 5. Qh5+ Kd7 6. Be2 b6 7. Bg4+ Kc7
8. Bf4+ Kb7 9. Bxc8+ Qxc8 10. Nc3 c5 11. O-O-O cxd4 12. Rxd4 e5 13. Bxe5
fxe5 14. Qxe5 Ne7 15. Qxh8 Bh6+ 16. Kb1 Qxh8 17. Rd1 Nbc6 18. Re1 Re8 19.
Nf3 Nf5 20. Ref1 Nb4 21. Rd1 Rd8 22. a3 Nc6 23. Nxd5 Nfe7 24. Nxe7 Nxe7 25.
Rxd8 Qxd8 26. Ka2 Qd5+ 27. Kb1 Qg8 28. Rd1 Qc8 29. Ne5 Nc6 30. Rd7+ Kb8 31.
Nxc6+ Qxc6 32. Rxh7 Bf8 33. Rh8 Qc8 34. Ka2 Kb7 35. g4 Qc5 36. g5 Bg7 37.
Rh5 Qb5 38. b3 Qe5 39. Rh7 Qb2# { White checkmated } 0-1

[Event "ICC tourney 2552 (3 2)"]
[Site "Internet Chess Club"]
[Date "2021.05.07"]
[Round "3"]
[White "AMUTHAN, NIKHIL:K03-17107695"]
[Black "ZHOU, MASON:K06-16827638"]
[Result "0-1"]
[ICCResult "White forfeits on time"]
[WhiteElo "1400"]
[BlackElo "1400"]
[Opening "Bishop's opening"]
[ECO "C23"]
[NIC "IG.04"]
[Time "18:51:49"]
[PlyCount "38"]
[TimeControl "180+2"]

1. e4 e5 2. Bc4 Nc6 3. Qf3 Nf6 4. Nc3 Bc5 5. Nh3 O-O 6. O-O d6 7. d3 Bg4 8.
Qg3 Qd7 9. Re1 Nh5 10. Qh4 Nd4 11. Be3 Nxc2 12. Rac1 Nxe1 13. Rxe1 Bxh3 14.
gxh3 Nf6 15. Qg4 Nxg4 16. hxg4 Qxg4+ 17. Kh1 Bxe3 18. fxe3 Qf3+ 19. Kg1 c6
{ White forfeits on time } 0-1

[Event "ICC tourney 2552 (3 2)"]
[Site "Internet Chess Club"]
[Date "2021.05.07"]
[Round "3"]
[White "BRODY GAMEZ, LIAM:K06-17012964"]
[Black "DECLAN RODRIGUES, CALIX:K03-17095397"]
[Result "1-0"]
[ICCResult "Black forfeits on time"]
[WhiteElo "1400"]
[BlackElo "1400"]
[Opening "two knights defense: Ulvestad variation"]
[ECO "C57"]
[NIC "KP.01"]
[Time "18:52:17"]
[PlyCount "35"]
[TimeControl "180+2"]

1. e4 e5 2. Nf3 Nc6 3. Bc4 Nf6 4. Ng5 d5 5. exd5 b5 6. dxc6 bxc4 7. Nc3 Bf5
8. Nb5 Qd5 9. Nxc7+ Kd8 10. Nxd5 Nxd5 11. Nxf7+ Kc7 12. Nxh8 Kxc6 13. Qh5
Rd8 14. Qxf5 Bd6 15. Nf7 Rf8 16. Qe6 a5 17. Qxd6+ Kb5 18. Qxd5+ { Black
forfeits on time } 1-0

[Event "ICC tourney 2552 (3 2)"]
[Site "Internet Chess Club"]
[Date "2021.05.07"]
[Round "3"]
[White "TCHENG, GENE:K05-16951443"]
[Black "WU, DARREN:K01-30136086"]
[Result "0-1"]
[ICCResult "White checkmated"]
[WhiteElo "1400"]
[BlackElo "1400"]
[Opening "Giuoco Piano"]
[ECO "C50"]
[NIC "IG.02"]
[Time "18:52:25"]
[PlyCount "66"]
[TimeControl "180+2"]

1. e4 e5 2. Nf3 Nc6 3. Bc4 Bc5 4. Ng5 Qxg5 5. d4 Qxg2 6. Rg1 Qxg1+ 7. Bf1
Bxd4 8. Nc3 Bxc3+ 9. bxc3 d6 10. Qf3 Nf6 11. Be3 O-O 12. Ke2 Bg4 13. Bg2
Bxf3+ 14. Bxf3 Qxa1 15. Bg5 Qxc3 16. Bxf6 gxf6 17. Bh5 Qxc2+ 18. Kf3 Qxa2
19. Kg4 Qe6+ 20. Kh4 a5 21. Bg4 Qc4 22. Bd7 Qxe4+ 23. Kh5 Qg6+ 24. Kh4 a4
25. f4 a3 26. f5 Qg5+ 27. Kh3 a2 28. Bxc6 Qxf5+ 29. Kg3 bxc6 30. h4 a1=Q
31. h5 Qf4+ 32. Kh3 Ra3+ 33. Kg2 Qaf1# { White checkmated } 0-1

[Event "ICC tourney 2552 (3 2)"]
[Site "Internet Chess Club"]
[Date "2021.05.07"]
[Round "3"]
[White "JAYAKEERTHI, TANUSH:K05-30169829"]
[Black "PARHAR, VIVAAN:K05-16000954"]
[Result "0-1"]
[ICCResult "White resigns"]
[WhiteElo "1400"]
[BlackElo "1400"]
[Opening "French defense"]
[ECO "C00"]
[NIC "FR.01"]
[Time "18:52:03"]
[PlyCount "52"]
[TimeControl "180+2"]

1. e4 e6 2. Nf3 d5 3. e5 c5 4. Nc3 Nc6 5. d4 Bd7 6. Bg5 f6 7. Bh4 Be7 8.
Qe2 cxd4 9. Qd2 dxc3 10. Qxc3 fxe5 11. O-O-O Bxh4 12. Nxe5 Nxe5 13. Qxe5
Bg5+ 14. Kb1 Nf6 15. Qxg5 O-O 16. Bd3 a6 17. Rhe1 Be8 18. Re3 Bh5 19. f3
Qd6 20. Re5 h6 21. Qg6 Bxg6 22. Bxg6 Qxe5 23. a3 Rac8 24. g3 Qg5 25. f4
Qxg6 26. h4 Qxc2+ { White resigns } 0-1

[Event "ICC tourney 2552 (3 2)"]
[Site "Internet Chess Club"]
[Date "2021.05.07"]
[Round "3"]
[White "LIU, NATHAN:K03-30166452"]
[Black "YAO, JASON:K06-30017543"]
[Result "1-0"]
[ICCResult "Black checkmated"]
[WhiteElo "1400"]
[BlackElo "1400"]
[Opening "Petrov's defense"]
[ECO "C42"]
[NIC "RG.03"]
[Time "18:52:39"]
[PlyCount "69"]
[TimeControl "180+2"]

1. e4 e5 2. Nf3 Nf6 3. Nxe5 Qe7 4. Nf3 Nxe4 5. Qe2 Nf6 6. Qxe7+ Bxe7 7. Bc4
O-O 8. O-O Nc6 9. d4 h6 10. Be3 d5 11. Bb5 a6 12. Bxc6 bxc6 13. Nbd2 Ne4
14. Nxe4 dxe4 15. Nd2 Bf5 16. f3 exf3 17. Nxf3 Bxc2 18. Rac1 Be4 19. Nd2
Bd5 20. a3 Rab8 21. b4 Ra8 22. Nc4 Rfb8 23. Bf4 Bd6 24. Nxd6 cxd6 25. Bxd6
Rb7 26. Bc5 a5 27. Rfe1 axb4 28. axb4 Be6 29. h4 Kh7 30. Kf2 Kg6 31. Kf3
Kf5 32. g4+ Kg6 33. h5+ Kg5 34. Re5+ Kh4 35. Rh1# { Black checkmated } 1-0

[Event "ICC tourney 2552 (3 2)"]
[Site "Internet Chess Club"]
[Date "2021.05.07"]
[Round "3"]
[White "RAMOS, ENEKO:K03-17254277"]
[Black "MANAV, RAYHAN:K06-30167023"]
[Result "1-0"]
[ICCResult "Black checkmated"]
[WhiteElo "1400"]
[BlackElo "1400"]
[Opening "Queen's pawn: Chigorin variation"]
[ECO "D00"]
[NIC "QP.08"]
[Time "18:52:39"]
[PlyCount "39"]
[TimeControl "180+2"]

1. d4 d5 2. Nc3 Bf5 3. Bf4 Nf6 4. Nf3 Nc6 5. e3 e6 6. Bb5 a6 7. Bd3 Bb4 8.
a3 Bd6 9. O-O a5 10. a4 O-O 11. Bxd6 Bxd3 12. Bxf8 Bxf1 13. Be7 Nxe7 14.
Kxf1 Ng4 15. Ng5 Nxh2+ 16. Kg1 Ng4 17. Qxg4 f5 18. Qh5 g6 19. Qxh7+ Kf8 20.
Qf7# { Black checkmated } 1-0

[Event "ICC tourney 2552 (3 2)"]
[Site "Internet Chess Club"]
[Date "2021.05.07"]
[Round "3"]
[White "ARUTLA, ADITYA:K05-16207801"]
[Black "BHOWMICK, ISHAAN:K01-30129149"]
[Result "1-0"]
[ICCResult "Black resigns"]
[WhiteElo "1400"]
[BlackElo "1461"]
[Opening "Philidor: exchange variation"]
[ECO "C41"]
[NIC "KP.08"]
[Time "18:52:11"]
[PlyCount "87"]
[TimeControl "180+2"]

1. e4 e5 2. Nf3 d6 3. d4 exd4 4. Nxd4 Nc6 5. Nc3 Nf6 6. Be3 Bd7 7. f3 Nxd4
8. Qxd4 Be7 9. O-O-O c5 10. Qd2 b5 11. Bxb5 Bxb5 12. Nxb5 Qb6 13. Nxd6+
Bxd6 14. Qxd6 Qxd6 15. Rxd6 O-O 16. Rhd1 Rfc8 17. Bg5 Nh5 18. g4 Nf6 19.
Bxf6 gxf6 20. Rxf6 Kg7 21. Rf5 c4 22. Rd7 Rf8 23. e5 a5 24. a3 Kg6 25. h4
h6 26. Rf6+ Kg7 27. h5 a4 28. f4 Rac8 29. c3 Rb8 30. Kc2 Rb3 31. Rc6 Rbb8
32. Rcc7 Rbc8 33. e6 Rxc7 34. Rxc7 Kf6 35. Rxf7+ Rxf7 36. exf7 Kxf7 37. b4
cxb3+ 38. Kb2 Ke6 39. g5 hxg5 40. fxg5 Kf7 41. c4 Ke6 42. c5 Kf5 43. h6
Kxg5 44. h7 { Black resigns } 1-0

[Event "ICC tourney 2552 (3 2)"]
[Site "Internet Chess Club"]
[Date "2021.05.07"]
[Round "3"]
[White "SKELCHER, OLIVER:K03-16721997"]
[Black "PATANKAR, VIJAY:K06-16438548"]
[Result "0-1"]
[ICCResult "White checkmated"]
[WhiteElo "1400"]
[BlackElo "1400"]
[Opening "Sicilian: dragon variation"]
[ECO "B70"]
[NIC "SI.15"]
[Time "18:52:13"]
[PlyCount "100"]
[TimeControl "180+2"]

1. e4 c5 2. Nf3 d6 3. d4 cxd4 4. Nxd4 Nf6 5. Nc3 g6 6. Bg5 Bg7 7. Bxf6 Bxf6
8. Bb5+ Bd7 9. Bxd7+ Nxd7 10. O-O O-O 11. Re1 Qb6 12. Nd5 Qxd4 13. Nxe7+
Kg7 14. e5 Qxd1 15. exf6+ Kxf6 16. Raxd1 Ne5 17. Nd5+ Kg7 18. Nf4 Rad8 19.
Nd3 Nxd3 20. Rxd3 Rfe8 21. Rxe8 Rxe8 22. h3 Re1+ 23. Kh2 Re2 24. Rxd6 Rxc2
25. Rd7 Rxb2 26. g4 Rxf2+ 27. Kg3 Rxa2 28. Rxb7 a5 29. Ra7 a4 30. Kf3 Ra1
31. Kg3 a3 32. Kf3 a2 33. Ke4 Re1+ 34. Kf3 a1=Q 35. Rxa1 Rxa1 36. Kf4 Ra4+
37. Ke5 f6+ 38. Ke6 Ra3 39. h4 Rg3 40. Ke7 Rxg4 41. h5 gxh5 42. Ke8 h4 43.
Kd8 h3 44. Kd7 h2 45. Kd6 h1=Q 46. Ke6 Qe4+ 47. Kd7 Qd4+ 48. Kc8 Qa7 49.
Kd8 Rd4+ 50. Ke8 Qd7# { White checkmated } 0-1

[Event "ICC tourney 2552 (3 2)"]
[Site "Internet Chess Club"]
[Date "2021.05.07"]
[Round "3"]
[White "MCPHETERS, DYLAN:K06-30151662"]
[Black "SZEPOK CHUNG, RONNIE:K03-17296250"]
[Result "0-1"]
[ICCResult "White checkmated"]
[WhiteElo "1400"]
[BlackElo "1400"]
[Opening "Giuoco Pianissimo: Italian four knights variation"]
[ECO "C50"]
[NIC "IG.02"]
[Time "18:52:38"]
[PlyCount "114"]
[TimeControl "180+2"]

1. e4 e5 2. Nf3 Nc6 3. Bc4 Bc5 4. Nc3 Nf6 5. d3 h6 6. a3 O-O 7. Be3 Bxe3 8.
fxe3 d6 9. Nd5 Nxd5 10. Bxd5 Be6 11. O-O Bxd5 12. exd5 Ne7 13. e4 f5 14.
Re1 fxe4 15. dxe4 Ng6 16. g3 Qf6 17. Nh4 Nxh4 18. gxh4 Qxh4 19. Rf1 Qg5+
20. Kh1 Rxf1+ 21. Qxf1 Rf8 22. Qg2 Qxg2+ 23. Kxg2 Rf4 24. Re1 g5 25. Kg3 h5
26. h3 g4 27. hxg4 hxg4 28. c4 Kf7 29. b4 Rf3+ 30. Kh4 Rxa3 31. Rg1 Rb3 32.
Rxg4 Rxb4 33. Rg5 Rxc4 34. Rf5+ Kg6 35. Rg5+ Kf6 36. Kh5 Rxe4 37. Rg6+ Kf5
38. Rg7 c6 39. dxc6 bxc6 40. Rxa7 d5 41. Rf7+ Ke6 42. Kg6 d4 43. Rf6+ Kd5
44. Kf7 c5 45. Ke7 Re3 46. Rd6+ Ke4 47. Rc6 Rc3 48. Ke6 d3 49. Rd6 Rc4 50.
Rc6 d2 51. Rd6 Rd4 52. Ra6 d1=Q 53. Ra3 Qg4+ 54. Ke7 Rd7+ 55. Kf8 Qf5+ 56.
Kg8 Qg6+ 57. Kh8 Qe8# { White checkmated } 0-1

[Event "ICC tourney 2552 (3 2)"]
[Site "Internet Chess Club"]
[Date "2021.05.07"]
[Round "3"]
[White "XUE, JACK:K03-17241051"]
[Black "LIANG, JOEY:K03-17280755"]
[Result "1-0"]
[ICCResult "Black checkmated"]
[WhiteElo "1348"]
[BlackElo "1400"]
[Opening "Scotch gambit"]
[ECO "C44"]
[NIC "SO.06"]
[Time "18:52:05"]
[PlyCount "77"]
[TimeControl "180+2"]

1. e4 e5 2. Nf3 Nc6 3. d4 exd4 4. Bc4 Bc5 5. c3 dxc3 6. Bxf7+ Kxf7 7. Qd5+
Ke8 8. Qxc5 d6 9. Qe3 Nf6 10. Nxc3 Be6 11. O-O Qe7 12. b3 Bg4 13. Ba3 Bxf3
14. Qxf3 Nd4 15. Qd3 Nc6 16. Nd5 Nxd5 17. exd5 Ne5 18. Qb5+ c6 19. dxc6
bxc6 20. Qb4 c5 21. Qe4 Kd7 22. Rad1 Rhf8 23. Qb7+ Ke6 24. Qd5+ Kd7 25.
Bxc5 Qe6 26. Qxd6+ Qxd6 27. Bxd6 Ke6 28. Rfe1 Rf5 29. f4 Rxf4 30. Bxe5 Rf5
31. Bxg7+ Kf7 32. Rd7+ Kg6 33. Re6+ Kg5 34. Bh6+ Kh5 35. Rxh7 Rd8 36. Be3+
Kg4 37. Re4+ Rf4 38. h3+ Kg3 39. Bxf4# { Black checkmated } 1-0